Map: Submarine LE

Players

Osiris - Winner!

  • Race: Terran Terran
  • League: Master
  • Spawn Location: 11:00

Naattt

  • Race: Protoss Protoss
  • League: Master
  • Spawn Location: 5:00

VOD

Have the link to the VOD?

Description

Time

  • Played on: Sept. 4, 2020, 12:24 p.m.
  • Length: 8:22
Show
View Real Time Build Order
Export as new Build Order

Osiris Terran - Winner!

Build Orders:  

Get SALT Encoding   

  12  0:00  SCV  
  13  0:12  SCV  
  14  0:17  Supply Depot  
  14  0:24  SCV  
  14  0:27  Refinery  
  15  0:38  SCV  
  16  0:45  Barracks  
  16  0:51  SCV  
  16  0:54  Refinery  
  17  1:03  SCV  
  18  1:15  SCV  
  19  1:31  Orbital Command  
  19  1:34  Reaper  
  19  1:35  Factory  
  20  1:44  Supply Depot  
  20  1:58  SCV  
  21  2:06  Reaper  
  22  2:10  SCV  
  23  2:20  Hellion  
  23  2:22  SCV  
  26  2:29  Command Center  
  26  2:34  SCV  
  27  2:38  Reaper  
  27  2:41  Hellion  
  30  2:46  Supply Depot  
  30  2:48  SCV  
  31  2:57  Starport  
  30  3:13  Factory Tech Lab  
  30  3:14  Barracks Reactor  
  31  3:25  Barracks  
  30  3:27  Barracks  
  30  3:38  Starport Tech Lab, Siege Tank  
  29  3:54  Marine x2  
  30  3:57  Orbital Command  
  30  3:58  Banshee  
  32  4:10  Siege Tank  
  32  4:11  Marine  
  32  4:12  Marine x2  
  32  4:14  Marine  
  39  4:18  SCV  
  40  4:28  SCV  
  40  4:29  Marine x2  
  43  4:31  Marine  
  43  4:32  Marine, Supply Depot  
  45  4:41  Banshee  
  48  4:47  Siege Tank  
  48  4:48  Marine  
  48  4:51  Marine  
  53  4:54  Marine, Supply Depot  
  53  4:56  Marine  
  55  5:06  Marine  
  56  5:09  Marine  
  56  5:12  Marine  
  58  5:14  Marine  
  58  5:17  Supply Depot  
  59  5:21  Siege Tank  
  59  5:24  Marine  
  59  5:27  Marine  
  64  5:38  Marine x2  
  64  5:42  Marine  
  66  5:45  Marine  
  68  5:53  Siege Tank  
  68  5:55  Banshee  
  68  5:56  Marine  
  70  5:57  Marine  
  70  6:00  Marine  
  70  6:03  Marine, Bunker  
  67  6:13  Bunker  
  67  6:14  Marine  
  67  6:15  Bunker  
  68  6:24  Marine x3  
  70  6:31  Marine  
  70  6:34  Bunker  
  67  6:42  Marine x2  
  67  6:43  Siege Tank  
  67  6:44  Marine  
  71  6:49  Marine  
  71  6:56  Banshee  
  71  6:59  Marine  
  75  7:23  Marine x3  
  78  7:32  Marine  
  76  7:38  Bunker  
  76  7:39  Siege Tank  
  76  7:40  Marine  
  75  7:51  Bunker  
  75  7:58  Marine x3  
Show
View Real Time Build Order
Export as new Build Order

Naattt Protoss 

Build Orders: 1 Gate Expand, Blink Stalkers 

Get SALT Encoding   

  12  0:02  Probe  
  13  0:14  Probe (Chrono Boost)  
  13  0:16  Pylon  
  14  0:26  Probe (Chrono Boost)  
  15  0:33  Probe (Chrono Boost)  
  16  0:36  Gateway  
  16  0:42  Probe  
  17  0:45  Assimilator  
  17  0:54  Probe  
  18  1:08  Probe  
  19  1:20  Probe  
  19  1:23  Cybernetics Core  
  20  1:36  Nexus  
  20  1:39  Pylon  
  20  1:44  Probe  
  21  1:49  Assimilator  
  21  1:56  Probe  
  21  1:59  Adept  
  21  2:00  Warp Gate (Chrono Boost)  
  24  2:08  Probe  
  25  2:21  Probe  
  25  2:24  Twilight Council  
  25  2:29  Adept  
  27  2:33  Probe  
  28  2:41  Gateway  
  28  2:46  Probe (Chrono Boost)  
  28  2:48  Probe (Chrono Boost)  
  30  2:57  Probe (Chrono Boost)  
  31  2:59  Stalker  
  30  3:13  Blink (Chrono Boost)  
  30  3:15  Probe  
  30  3:16  Probe  
  32  3:23  Robotics Facility  
  32  3:27  Probe  
  32  3:28  Probe  
  29  3:49  Stalker x2  
  29  3:52  Pylon  
  31  3:56  Probe x2  
  33  4:09  Probe x2  
  35  4:12  Stalker  
  35  4:13  Stalker  
  39  4:19  Observer (Chrono Boost)  
  39  4:21  Probe  
  39  4:22  Probe  
  42  4:32  Pylon  
  42  4:33  Probe  
  42  4:34  Probe  
  42  4:38  Observer  
  45  4:47  Stalker x2  
  45  4:48  Probe x2  
  51  5:01  Observer  
  51  5:05  Pylon  
  51  5:06  Probe  
  53  5:07  Assimilator  
  53  5:14  Nexus  
  53  5:19  Probe x2  
  55  5:28  Stalker x2  
  58  5:38  Probe x2  
  60  5:44  Immortal  
  64  5:56  Probe  
  64  5:57  Probe  
  64  6:05  Stalker x2  
  67  6:24  Warp Prism (Chrono Boost)  
  67  6:26  Probe  
  67  6:28  Probe  
  67  6:29  Probe  
  72  6:38  Probe  
  69  6:51  Stalker x2  
  69  6:53  Immortal  
  75  6:55  Probe  
  75  7:02  Gateway  
  72  7:13  Gateway  
  72  7:14  Pylon  
  72  7:19  Pylon  
  72  7:20  Pylon  
  72  7:28  Pylon  
  67  7:47  Zealot x2  
  63  8:04  Probe  
Tags
 
Add a new tag
Caveats
  • Supply blocks, unpowered buildings, or Contaminate may cause inaccurate times.
  • Supply counts are checked every 10 seconds.